Map: Dasan Station LE

Players

Fropez - Winner!

  • Race: Protoss Protoss
  • League: Gold
  • Spawn Location: 12:00

Galexy

  • Race: Protoss Protoss
  • League: Silver
  • Spawn Location: 6:00

VOD

Have the link to the VOD?

Description

Time

  • Played on: Sept. 22, 2016, 6:22 p.m.
  • Length: 16:23
Show
View Real Time Build Order
Export as new Build Order

Fropez Protoss - Winner!

Build Orders:  

Get SALT Encoding   

  12  0:01  Probe (Chrono Boost)  
  13  0:17  Pylon  
  13  0:18  Probe (Chrono Boost)  
  14  0:29  Probe (Chrono Boost)  
  15  0:39  Probe (Chrono Boost)  
  16  0:45  Gateway  
  16  0:51  Gateway  
  16  0:52  Probe (Chrono Boost)  
  17  1:00  Pylon  
  17  1:05  Probe (Chrono Boost)  
  18  1:13  Assimilator  
  18  1:15  Probe (Chrono Boost)  
  19  1:20  Pylon  
  19  1:26  Probe (Chrono Boost)  
  20  1:44  Cybernetics Core  
  20  1:45  Pylon  
  20  1:46  Probe (Chrono Boost)  
  21  1:53  Pylon  
  21  1:56  Probe (Chrono Boost)  
  22  2:07  Probe (Chrono Boost)  
  23  2:21  Pylon  
  23  2:25  Probe (Chrono Boost)  
  23  2:27  Robotics Facility  
  24  2:31  Assimilator  
  24  2:35  Warp Gate (Chrono Boost)  
  24  2:52  Nexus  
  24  3:04  Adept x2  
  27  3:20  Immortal  
  27  3:24  Probe  
  32  3:36  Probe  
  33  3:42  Pylon  
  33  3:50  Mothership Core  
  35  3:57  Twilight Council  
  35  4:01  Pylon  
  35  4:07  Probe  
  36  4:11  Probe  
  37  4:18  Probe  
  37  4:20  Immortal  
  40  4:31  Stalker  
  40  4:33  Stalker  
  44  4:48  Blink (Chrono Boost)  
  42  4:53  Probe x2  
  42  4:56  Gateway  
  44  5:00  Gateway  
  44  5:13  Immortal (Chrono Boost)  
  48  5:27  Probe  
  49  5:33  Probe  
  50  5:39  Stalker x2  
  54  5:54  Pylon  
  54  6:06  Stalker x3  
  60  6:12  Pylon, Probe  
  65  6:18  Immortal (Chrono Boost)  
  65  6:26  Probe  
  65  6:29  Assimilator  
  66  6:33  Assimilator  
  66  6:41  Probe  
  66  6:42  Probe  
  68  6:52  Warp Prism (Chrono Boost)  
  68  6:53  Probe  
  71  6:55  Pylon, Probe  
  72  7:03  Forge  
  72  7:05  Probe, Stalker  
  72  7:06  Stalker x2  
  72  7:07  Probe  
  80  7:23  Observer (Chrono Boost)  
  80  7:28  Gateway  
  77  7:30  Stalker  
  77  7:31  Gateway, Stalker  
  69  7:48  Immortal (Chrono Boost)  
  53  8:06  Stalker x2  
  57  8:21  Pylon  
  57  8:24  Pylon  
  57  8:26  Pylon  
  57  8:31  Pylon  
  57  8:33  Stalker x2  
  61  8:36  Probe  
  60  8:56  Nexus  
  60  8:59  Probe  
  57  9:04  Stalker x4  
  57  9:07  Protoss Ground Weapons Level 1 (Chrono Boost)  
  65  9:24  Zealot  
  67  9:31  Probe x2  
  69  9:39  Pylon, Dark Shrine  
  69  9:44  Stalker x2  
  69  9:45  Stalker x2  
  67  10:12  Probe  
  67  10:14  Probe  
  69  10:20  Stalker x3  
  69  10:21  Stalker x2  
  77  10:57  Assimilator  
  77  11:01  Assimilator  
  77  11:04  Pylon x2  
  77  11:10  Nexus  
  77  11:14  Assimilator  
  77  11:18  Assimilator  
  77  11:21  Pylon  
  77  11:22  Pylon  
  69  11:40  Dark Templar x5  
  74  12:21  Archon x2  
  68  12:35  Protoss Ground Weapons Level 2 (Chrono Boost)  
  64  12:41  Stalker x3  
  64  12:42  Stalker x2  
  60  12:56  Gateway  
  60  13:00  Gateway  
  60  13:02  Gateway  
  60  13:03  Gateway  
  60  13:04  Warp Prism, Gateway  
  58  13:05  Gateway  
  58  13:09  Pylon, Gateway x2  
  58  13:11  Pylon  
  60  13:13  Adept x2  
  60  13:14  Adept x3  
  70  13:20  Probe  
  70  13:22  Probe  
  72  13:31  Probe x2  
  74  13:34  Probe  
  75  13:44  Probe  
  76  13:49  Adept x5  
  76  13:55  Probe  
  86  13:57  Probe x2  
  87  14:06  Stargate  
  83  14:13  Adept x4, Stargate  
  83  14:14  Adept x4  
  99  14:24  Resonating Glaives  
  99  14:28  Probe x2  
  99  14:29  Probe  
  99  14:30  Probe  
  103  14:38  Probe  
  104  14:56  Void Ray (Chrono Boost)  
  104  14:57  Void Ray (Chrono Boost)  
  112  15:04  Dark Templar x2  
  112  15:05  Nexus  
  116  15:07  Observer  
Show
View Real Time Build Order
Export as new Build Order

Galexy Protoss 

Build Orders:  

Get SALT Encoding   

  12  0:02  Probe (Chrono Boost)  
  13  0:16  Pylon  
  13  0:19  Probe (Chrono Boost)  
  14  0:29  Probe (Chrono Boost)  
  15  0:40  Probe (Chrono Boost)  
  15  0:41  Gateway  
  16  0:49  Assimilator  
  16  0:50  Probe (Chrono Boost)  
  17  1:01  Pylon, Probe (Chrono Boost)  
  18  1:11  Probe (Chrono Boost)  
  19  1:19  Assimilator  
  19  1:22  Probe (Chrono Boost)  
  20  1:33  Cybernetics Core  
  20  1:36  Probe (Chrono Boost)  
  21  1:46  Probe (Chrono Boost)  
  22  1:57  Zealot  
  24  2:04  Probe (Chrono Boost)  
  25  2:10  Warp Gate (Chrono Boost)  
  25  2:15  Probe  
  26  2:20  Pylon  
  26  2:29  Stalker  
  28  2:31  Pylon  
  28  2:35  Gateway  
  28  2:38  Pylon  
  28  2:55  Pylon  
  28  3:01  Zealot  
  30  3:29  Stalker  
  32  3:35  Forge  
  32  3:40  Gateway  
  32  3:42  Gateway  
  32  3:45  Robotics Facility  
  32  3:48  Pylon x2  
  32  4:11  Protoss Ground Weapons Level 1  
  32  4:14  Stalker  
  32  4:16  Zealot  
  34  4:37  Stalker x2  
  36  4:46  Immortal  
  40  4:58  Stalker x2  
  44  5:15  Probe  
  45  5:27  Probe  
  46  5:32  Immortal (Chrono Boost)  
  50  5:42  Pylon  
  48  6:06  Nexus  
  47  6:24  Stalker  
  47  6:25  Stalker x3  
  55  6:54  Pylon  
  55  6:55  Protoss Ground Armor Level 1  
  55  7:06  Probe  
  56  7:14  Zealot x2  
  56  7:15  Zealot  
  62  7:18  Sentry, Probe  
  65  7:30  Probe  
  62  7:43  Probe  
  59  7:55  Probe  
  42  8:10  Stalker x4  
  36  8:23  Mothership Core  
  36  8:24  Immortal  
  42  8:33  Stalker x3  
  42  8:34  Stalker  
  49  8:40  Probe  
  49  8:50  Probe  
  50  9:01  Probe  
  50  9:07  Stalker x3  
  57  9:11  Protoss Shields Level 1  
  57  9:13  Probe  
  46  10:07  Stalker x4  
  38  10:09  Immortal (Chrono Boost)  
  38  10:12  Probe  
  45  10:23  Probe  
  46  10:33  Probe  
  45  10:38  Stalker x3  
  47  10:44  Probe  
  41  10:52  Stalker  
  38  11:04  Stalker x3  
  37  11:40  Stalker x2  
  37  11:43  Observer (Chrono Boost)  
  36  12:56  Nexus  
  36  13:24  Probe  
  37  13:36  Probe  
  37  13:37  Observer (Chrono Boost)  
  37  14:16  Stalker  
  39  14:23  Stalker  
  41  14:40  Assimilator  
  41  14:59  Nexus  
  41  15:03  Observer (Chrono Boost)  
  42  15:15  Probe  
  42  15:22  Immortal (Chrono Boost)  
  42  15:27  Probe  
  38  15:39  Probe  
  37  15:52  Probe  
  37  15:56  Stalker  
Tags
 
Matchup
PvP
Replay Pack
All Mines
Spawn Locations
Cross Positions
Add a new tag
Caveats
  • Supply blocks, unpowered buildings, or Contaminate may cause inaccurate times.
  • Supply counts are checked every 10 seconds.